QQQQQ, chaotic female elven Wizard --------- ------- $ ------------ Z@##################|........########-.....| |....%.....| -------#################..>.....|# |.....| #...........| |.....|# ----- |.......|# |.....| ###|..........| |.....+######|...| -.-------# |.....| # |..........| |.....|# #.....############# ## |.....| ### ----|------- ---.---# |...|# ### # ###-.....| # # #e###########` -----# # # -----|- # # # # ############# #[# # ## # ### ### ### $ # # # # # # # # # #### # ### [ --.--- ### # $ ## ### # -----# |.....## # ## # ### |....# |....|### # $ ### ### -.--- |{..| |.%..+# ###-------.--- $$ #-|-------- # |..<| |...| ------ #.........{| #-......{.| $ ###|...| ----- |.........| |........| #....| ----------- ---------- ----- QQQQQ the Thaumaturge Experience level: 8 Strength: 3 Dexterity: 13 Constitution: 15 Intelligence: 19 Wisdom: 11 Charisma: 10 Health: 25(30) Energy: 79(79) Def: 3 Gold: 0 Moves: 4713 Dungeon seed: RSqXzf6BtqPVS6UV Game ID: QQQQQ_1513126454 Your Inventory: Weapons a - a blessed +1 quarterstaff (weapon in hands) n - an uncursed +0 boomerang t - 49 uncursed +0 darts (in quiver) u - an uncursed +0 dagger Armor e - an uncursed +0 studded leather armor (being worn) q - an uncursed +2 orcish helm y - a cursed rusty -2 helmet (being worn) N - an uncursed +0 pair of iron shoes (being worn) Comestibles T - an uncursed female lizard corpse Wands b - an uncursed wand of striking (0:0) s - an uncursed wand of probing (0:5) L - a cursed wand of polymorph (0:4) P - an uncursed wand of probing (0:6) Tools h - an uncursed blindfold i - an uncursed wooden harp Gems z - 2 uncursed worthless pieces of black glass Spells and supernatural/magical abilities: Spells marked with '*' are forgotten. Spells marked with '!' are maintained. Spells marked with '#' are aliased with 'castalias'. Name Level Category Fail Memory a - force bolt 1 attack 0% 93% d - dig 2 matter 19% 96% m - magic missile 2 attack 0% 93% s - slow monster 2 enchantment 0% 93% v - clairvoyance 3 divination 61% 94% w - wizard lock 2 matter 19% 98% O - create monster 2 clerical 19% 93% W - pray for help -- divine ? -- Your skills at the end: Fighting Skills wands [Basic] Weapon Skills quarterstaff [Skilled] Spellcasting Skills attack spells [Skilled] enchantment spells [Basic] Final Attributes: You were sleep resistant. You saw invisible. You were telepathic. You had infravision. You last prayed 168 turns ago. You survived after being killed once. Vanquished creatures: a small mimic a leather golem a giant beetle a leprechaun a gnome king a lizard a jaguar a dwarf lord a raven a plains centaur a bugbear 2 rock piercers a pony a shrieker 3 gnome lords a gnomish wizard 2 gray oozes 2 floating eyes a dwarf 3 homunculi a kobold lord a hill orc 2 rothes a dwarf zombie 2 wererats an iguana 7 killer bees a coyote a gas spore a hobbit a large kobold 5 hobgoblins 6 giant rats 3 yellow molds 2 green molds 2 gnomes 5 geckos a fox 2 kobolds 7 goblins a sewer rat 2 lichens a kobold zombie 6 newts 89 creatures vanquished. Voluntary challenges: You had been an atheist until turn 4542. You used a wielded weapon 64 times, starting on turn 196. You read items or engraved 32 times, starting on turn 20. You never genocided any monsters. You never polymorphed an object. You never changed form. You used no wishes. You never split a pudding. You wrote Elbereth's name 1 time, starting on turn 798. You never violated your personal moral code. Dungeon overview: The Dungeons of Doom: levels 1 to 8 Level 1 a fountain, a vault a long staircase Level 2 a scroll shop a long staircase Level 3 a general store Level 4 Level 5 <- You were here some fountains Level 6 a fountain, a vault Level 7 a fountain, a vault Level 8 a fountain, a throne, a vault History has recorded: On T:1 you entered the Dungeons of Doom to retrieve the Amulet of Yendor! On T:367 you reached level 2 of The Dungeons of Doom. On T:683 you advanced to experience level 2. On T:734 you reached level 3 of The Dungeons of Doom. On T:901 you advanced to experience level 3. On T:1063 you reached level 4 of The Dungeons of Doom. On T:1294 you advanced to experience level 4. On T:1457 you reached level 5 of The Dungeons of Doom. On T:1929 you reached level 6 of The Dungeons of Doom. On T:2203 you advanced to experience level 5. On T:2474 you reached level 7 of The Dungeons of Doom. On T:2850 you reached level 8 of The Dungeons of Doom. On T:3067 you advanced to experience level 6. On T:3625 you advanced to experience level 7. On T:3809 you advanced to experience level 8. On T:4610 you averted death Score breakdown: Gold: 0 ( 0 points) Experience: 8 levels (14739 points) Exploration: 8 levels ( 17.02%) (11702 points) Discoveries: 26 items ( 9.09%) ( 9045 points) Valuables value: (no points given unless you survive) Artifact value: 0 ( 0 points) Variety of kills: 44 monsters ( 11.58%) (10208 points) Turncount: 4713 turns (-1267 points) Survival: quit (score multiplied by 90%) Total score: 39984 Latest messages: Hello QQQQQ, the elven Wizard, welcome back to FIQHack! The ghoul hits! (2x) Never mind. The ghoul hits! (2x) To quit the game, use the 'save' command (typically on 'S'). Final status: Goodbye QQQQQ the Wizard, quit... You quit in The Dungeons of Doom on dungeon level 5 with 39984 points, and 0 pieces of gold, after 4713 moves. You were level 8 with a maximum of 30 hit points when you quit.